 Zot Defence DCSS version 0.15.2 (webtiles) character file.

2934 rednecknazgul the Grappler (level 9, -5/88 HPs)
             Began as a Troll Monk on Nov 12, 2018.
             Was a Priest of the Shining One.
             Slain by a cyclops zombie (16 damage)
             ... in the Realm of Zot (Scenario IV: Columnade).
             The game lasted 00:10:00 (1584 turns).

rednecknazgul the Grappler (Troll Monk)             Turns: 1584, Time: 00:10:00

HP  -5/88        AC  5     Str 24      XL: 9   Next: 51%
MP   9/9         EV 12     Int  6      God: the Shining One [***...]
Gold 0           SH  0     Dex 12      Spells:  0 memorised,  8 levels left

rFire  . . .     SeeInvis .       - Unarmed
rCold  . . .     Clarity  .     a - +0 robe
rNeg   + . .     rCorr    .     (shield restricted)
rPois  .         rRot     .     (helmet restricted)
rElec  .         Spirit   .     (no cloak)
SustAb .         Warding  .     (gloves unavailable)
rMut   .         Stasis   .     (boots unavailable)
Gourm  +                        (no amulet)
MR     .....                    (no ring)
                                (no ring)

@: glowing, not resistant to hostile enchantments, very unstealthy
A: unfitting armour, claws 3, fast metabolism 3, gourmand, regeneration 2,
saprovore 2, shaggy fur 1, tough skin 2
a: Make oklob sapling, Make arrow trap, Make plant, Remove Curse, Make burning
bush, Make altar, Make grenades, Make oklob plant, Make net trap, Make ice
statue, Divine Shield, Renounce Religion


You were in the Realm of Zot.
You worshipped the Shining One.
The Shining One was most pleased with you.
You were not hungry.

You visited 1 branch

Inventory:

Armour
 a - a +0 robe (worn)
Comestibles
 c - 2 meat rations
Scrolls
 h - a scroll of blinking
Potions
 b - a potion of curing
 e - a potion of haste
 f - 2 potions of magic
 g - a potion of berserk rage


   Skills:
 + Level 5.4 Fighting
 + Level 5.7 Dodging
 - Level 1.1 Stealth
 + Level 10.1 Unarmed Combat
 * Level 3.3 Invocations


You had 8 spell levels left.
You didn't know any spells.

Dungeon Overview and Level Annotations

Branches:
    Zot (1/1)

Altars:
The Shining One


Innate Abilities, Weirdness & Mutations

You are too large for most types of armour.
You have claws for hands.
Your metabolism is lightning-fast.
You like to eat raw meat.
You heal very quickly.
You can eat rotten meat.
You are covered in fur (AC +1).
You have very tough skin (AC +2).


Message History

Drink which item? (? for menu, Esc to quit)
You feel better.
The orc zombie hits you with a long sword.
* * * LOW HITPOINT WARNING * * *
The orc zombie hits you but does no damage.
The giant frog zombie completely misses your burning bush.
The worker ant zombie bites your burning bush.
Your burning bush throws fire at the worker ant zombie.
The puff of flame hits the worker ant zombie.
The hound zombie closely misses you.
The orc skeleton hits your oklob plant but does no damage.
The iguana skeleton bites you.
* * * LOW HITPOINT WARNING * * *
Your oklob plant spits acid at the orc skeleton.
The splash of acid hits the orc skeleton.
The acid corrodes the orc skeleton's equipment!
Your oklob plant spits acid at the orc zombie.
The splash of acid hits the hound zombie.
The cyclops zombie hits you!
You die...

▓▓▓▓▓▓▓▓▓ ▓▓▓▓▓ ▓▓..P.P..▓▓
▓▓▓▓▓ ▓∆∆∆▓ ▓▓...)PZZ..▓▓ ▓}::▓
▓∆∆∆▓▓ ▓..(.ZPZZ...▓ ▓▓|)∆▓
▓▓▓▓▓▓▓▓▓▓....Z@Z5Z..▓▓▓▓▓▓▓▓▓▓
▓▓......)..ZPZZZ.))....▓▓
▓...).....ZPZZZ.)[)...▓
▓...▓▓▓▓....Z..▓▓▓▓...▓
▓▓...▓▓▓▓.....▓▓▓▓...▓▓
▓▓...▓▓▓▓...▓▓▓▓...▓▓
▓▓...▓▓▓▓▓▓▓▓▓...▓▓ ▓▓...▓▓
▓▓...▓▓ ▓▓...▓▓ ▓▓...▓▓


You could see a shadow imp, a quokka zombie, a hound zombie, a giant frog
zombie, a worker ant zombie, a giant cockroach zombie, 3 goblin zombies, 2 orc
zombies, a cyclops zombie, an iguana skeleton, 2 hobgoblin skeletons, a gnoll
skeleton, 2 orc skeletons, 4 friendly oklob plants and 2 friendly burning
bushes.

Vanquished Creatures
  An orc knight (Zot)
  A slime creature (Zot)
  2 gnoll shamans (Zot)
  2 iguanas (Zot)
  A hound zombie (Zot)
  A gnoll (Zot)
  An adder (Zot)
  A shadow imp (Zot)
  A worm (Zot)
  3 oozes (Zot)
  4 orcs (Zot)
  9 bats (Zot)
  2 giant cockroaches (Zot)
  17 goblins (Zot)
  6 hobgoblins (Zot)
  4 kobolds (Zot)
  2 quokkas (Zot)
  3 ball pythons (Zot)
  A ball python zombie (Zot)
  A giant cockroach zombie (Zot)
  2 giant newts (Zot)
  A hobgoblin zombie (Zot)
  An orc skeleton (Zot)
  An orc zombie (Zot)
  A quokka skeleton (Zot)
  4 rats (Zot)
  A rat skeleton (Zot)
74 creatures vanquished.

Vanquished Creatures (collateral kills)
  A wind drake (Zot)
  A black bear (Zot)
  An ogre (Zot)
  2 giant frogs (Zot)
  Blork the orc (Zot)
  A jelly (Zot)
  A giant frog zombie (Zot)
  A gnoll shaman (Zot)
  4 hounds (Zot)
  3 worker ants (Zot)
  3 orc wizards (Zot)
  5 iguanas (Zot)
  Ijyb (Zot)
  Jessica (Zot)
  A hound zombie (Zot)
  A worker ant zombie (Zot)
  A gnoll (Zot)
  2 adders (Zot)
  A giant mite (Zot)
  A worm (Zot)
  3 iguana skeletons (Zot)
  2 giant geckos (Zot)
  13 orcs (Zot)
  A ball python (Zot)
  A bat (Zot)
  4 giant cockroaches (Zot)
  13 goblins (Zot)
  9 hobgoblins (Zot)
  2 kobolds (Zot)
  4 quokkas (Zot)
  A giant gecko skeleton (Zot)
  A gnoll skeleton (Zot)
  2 goblin skeletons (Zot)
  2 hobgoblin zombies (Zot)
  2 jackals (Zot)
  3 orc skeletons (Zot)
  2 orc zombies (Zot)
  3 rats (Zot)
  A rat skeleton (Zot)
102 creatures vanquished.

Vanquished Creatures (others)
  An oklob plant (Zot)
  A burning bush (Zot)
2 creatures vanquished.

Grand Total: 178 creatures vanquished

Notes
Turn   | Place    | Note
--------------------------------------------------------------
     0 | Zot      | rednecknazgul, the Troll Monk, began the quest for the Orb.
     0 | Zot      | Reached XP level 1. HP: 22/22 MP: 1/1
   275 | Zot      | Reached XP level 2. HP: 21/29 MP: 1/1
   299 | Zot      | Reached XP level 3. HP: 29/36 MP: 2/2
   337 | Zot      | Reached skill level 5 in Unarmed Combat
   464 | Zot      | Reached XP level 4. HP: 44/44 MP: 2/2
   605 | Zot      | Reached skill level 6 in Unarmed Combat
   605 | Zot      | Reached XP level 5. HP: 20/52 MP: 2/2
   700 | Zot      | Reached XP level 6. HP: 51/61 MP: 3/3
   702 | Zot      | Became a worshipper of the Shining One
   702 | Zot      | Acquired the Shining One's first power
   702 | Zot      | Acquired the Shining One's second power
   875 | Zot      | Noticed a slime creature
   884 | Zot      | Killed a slime creature
   884 | Zot      | Reached skill level 7 in Unarmed Combat
   884 | Zot      | Reached XP level 7. HP: 46/67 MP: 3/3
   986 | Zot      | Killed Jessica
  1087 | Zot      | Reached skill level 8 in Unarmed Combat
  1187 | Zot      | Noticed Boruk
  1214 | Zot      | Killed Boruk the orc knight
  1214 | Zot      | Reached skill level 5 in Dodging
  1214 | Zot      | Reached skill level 9 in Unarmed Combat
  1214 | Zot      | Reached XP level 8. HP: 52/79 MP: 3/3
  1259 | Zot      | Reached XP level 9. HP: 87/87 MP: 4/4
  1288 | Zot      | Reached skill level 5 in Fighting
  1385 | Zot      | Noticed Blork the orc
  1387 | Zot      | Killed Blork the orc
  1431 | Zot      | Reached skill level 1 in Invocations
  1449 | Zot      | Reached skill level 10 in Unarmed Combat
  1485 | Zot      | Noticed Ijyb
  1485 | Zot      | Killed Ijyb
  1582 | Zot      | HP: 1/88 [cyclops zombie (14)]
  1584 | Zot      | Slain by a cyclops zombie

Action                   |  1- 3 |  4- 6 |  7- 9 || total
-------------------------+-------+-------+-------++-------
Melee: Unarmed           |    62 |    88 |    42 ||   192
 Abil: Make burning bush |       |     1 |     2 ||     3
       Make altar        |       |     1 |       ||     1
       Make oklob plant  |       |       |     5 ||     5
  Use: Potion            |       |     1 |     2 ||     3
